Map: Ley Lines

Players

Vaisravana - Winner!

  • Race: Zerg Zerg
  • Spawn Location: 7:00

frugs

  • Race: Terran Terran
  • League: Master
  • Spawn Location: 1:00

VOD

Have the link to the VOD?

Description

Time

  • Played on: June 30, 2025, 7:14 p.m.
  • Length: 6:00
Show
View Real Time Build Order
Export as new Build Order

Vaisravana Zerg - Winner!

Build Orders: Pool First 

Get SALT Encoding   

  12  0:00  Drone  
  13  0:12  Overlord  
  13  0:17  Drone  
  14  0:30  Drone x2  
  16  0:41  Spawning Pool  
  15  0:44  Drone  
  15  0:47  Drone  
  17  1:07  Hatchery  
  17  1:11  Drone  
  17  1:12  Extractor  
  16  1:28  Zergling x6  
  19  1:34  Queen  
  19  1:39  Drone  
  22  2:01  Overlord  
  22  2:15  Metabolic Boost  
  22  2:18  Queen  
  24  2:24  Drone x4  
  28  2:34  Drone  
  28  2:35  Drone  
  30  2:46  Drone  
  30  2:47  Drone  
  30  2:50  Drone  
  30  2:51  Overlord  
  33  2:56  Lair  
  33  3:04  Drone x2  
  35  3:15  Extractor  
  34  3:25  Roach Warren, Zergling x4  
  35  3:27  Drone x3  
  35  3:29  Drone x2  
  35  3:30  Drone  
  41  3:46  Queen  
  43  3:50  Overlord  
  43  3:52  Overlord  
  43  3:53  Drone  
  43  4:05  Glial Reconstitution  
  43  4:11  Roach x6  
  43  4:14  Roach  
  57  4:20  Overlord  
  57  4:21  Roach  
  59  4:31  Overlord  
  59  4:40  Roach x4  
  59  4:45  Overlord x2  
  67  4:50  Roach x2  
  71  4:53  Roach  
  71  4:55  Roach  
  75  5:06  Roach  
  77  5:07  Roach  
  77  5:08  Overlord  
  77  5:12  Drone  
  77  5:13  Drone  
  81  5:21  Drone x2  
  81  5:22  Drone x2  
  80  5:38  Drone x3  
  83  5:45  Hatchery  
Show
View Real Time Build Order
Export as new Build Order

frugs Terran 

Build Orders: Liberator Opening, Reaper Expand 

Get SALT Encoding   

  12  0:00  SCV  
  13  0:12  SCV  
  14  0:16  Supply Depot  
  14  0:24  SCV  
  15  0:38  SCV  
  15  0:39  Barracks  
  16  0:43  Refinery  
  16  0:50  SCV  
  17  1:02  SCV  
  18  1:14  SCV  
  19  1:27  Reaper  
  19  1:28  Orbital Command  
  20  1:42  Command Center  
  20  1:50  Supply Depot  
  20  1:59  Marine  
  21  2:04  SCV  
  22  2:14  Factory  
  22  2:16  SCV  
  22  2:18  Refinery  
  22  2:22  Barracks Reactor  
  23  2:32  SCV  
  24  2:44  SCV  
  25  2:55  Orbital Command  
  25  2:57  SCV  
  26  2:58  Starport  
  26  3:07  Supply Depot  
  26  3:08  Barracks Tech Lab  
  26  3:09  SCV  
  26  3:11  Hellion x2  
  31  3:15  Orbital Command  
  31  3:21  SCV  
  32  3:29  Stimpack  
  32  3:32  Hellion x2  
  32  3:33  SCV  
  37  3:34  Marine  
  38  3:45  SCV  
  39  3:52  Liberator  
  39  3:54  Hellion x2  
  46  4:02  Supply Depot  
  46  4:04  Marine  
  47  4:26  Supply Depot  
  47  4:30  Command Center  
  47  4:52  Starport Reactor  
  47  4:55  Engineering Bay  
  47  4:56  Engineering Bay, Factory Tech Lab  
  47  4:58  Barracks  
  47  5:02  Barracks  
  47  5:05  SCV x2  
  49  5:11  Bunker  
  49  5:15  Siege Tank  
  49  5:17  SCV  
  49  5:18  SCV  
  45  5:29  SCV, Bunker  
  45  5:30  SCV  
  43  5:41  SCV  
  43  5:42  SCV  
  50  5:55  Starport Reactor  
Tags
 
Add a new tag
Caveats
  • Supply blocks, unpowered buildings, or Contaminate may cause inaccurate times.
  • Supply counts are checked every 10 seconds.